AoeStats
← elchinaleikazo

Arena

510296833Analyzed
4v4 RM · 21h ago on Sep 30, 2026· 41m 45s· 8 players
Game mode
Random Map
Map size
Large (8 player)
Population
200
Speed
Normal
Resources
Standard
Victory
Conquest
Starting age
Dark Age
Ending age
Imperial Age
RankedLock teamsTeams togetherTeam positionsShared explorationLock speedFull tech treeHidden civsTurbo modeCheats
Victory
Defeat
🇦🇷 Khmer · Argentina
1449
+13
🇵🇪 Saxons · Peru
1441
+14
🇩🇪 Vietnamese · Germany
1403
+15
🇨🇳 Romans · China
1353
+18
🇨🇳 Cumans · China
1402
-16
🇯🇵 Byzantines · Japan
1386
-15
1384
-15
🇭🇰 Huns · Hong Kong SAR China
1365
-14
Nekomi
10:52 Feudal Age
14:39 Castle Age
12:32 Double-Bit Axe
15:41 Bow Saw
15:20 Horse Collar
21:42 Wheelbarrow
22:01 Heavy Plow
23:01 Gold Mining
23:02 Stone Mining
23:36 Loom
24:09 Hand Cart
25:27 Gold Shaft Mining
26:14 Stone Shaft Mining
29:08 Imperial Age
26:46 Scale Barding Armor
27:31 Forging
28:13 Chain Barding Armor
29:32 Iron Casting
30:32 Plate Barding Armor
31:34 Two-Man Saw
31:08 Crop Rotation
30:46 Elite Cataphract
32:02 Husbandry
32:30 Conscription
32:41 Fletching
33:15 Logistica
36:10 Chemistry
35:31 Ballistics
34:52 Treadmill Crane
Panchi
9:34 Feudal Age
8:34 Loom
10:10 Double-Bit Axe
10:40 Horse Collar
12:34 Wheelbarrow
15:00 Stone Mining
18:24 Fletching
22:49 Castle Age
23:36 Bodkin Arrow
23:54 Bow Saw
32:43 Imperial Age
31:14 Scale Barding Armor
31:25 Gold Mining
34:32 Hand Cart
36:08 Elite Skirmisher
37:32 Padded Archer Armor
39:35 Bracer
40:51 Leather Archer Armor
43:10 Chemistry
人生😈百态
1:07 Loom
11:32 Feudal Age
16:01 Castle Age
14:32 Double-Bit Axe
17:01 Bow Saw
18:11 Wheelbarrow
23:23 Horse Collar
24:09 Hand Cart
25:09 Stone Mining
25:20 Gold Mining
26:55 Heavy Plow
27:37 Gold Shaft Mining
31:56 Imperial Age
31:01 Ballistics
31:43 Fletching
32:11 Bloodlines
33:23 Bodkin Arrow
33:32 Padded Archer Armor
34:35 Chemistry
34:34 Cuman Mercenaries
35:31 Leather Archer Armor
35:31 Forging
35:27 Scale Barding Armor
37:07 Iron Casting
36:59 Conscription
38:15 Chain Barding Armor
38:55 Blast Furnace
39:42 Plate Barding Armor
漠北万丈孤烟长河落日圆
10:06 Feudal Age
14:05 Castle Age
12:47 Double-Bit Axe
15:01 Bow Saw
18:43 Horse Collar
21:27 Wheelbarrow
24:01 Loom
24:02 Town Watch
26:50 Imperial Age
24:24 Heavy Plow
25:20 Hand Cart
24:57 Gold Mining
26:36 Gold Shaft Mining
26:45 Detinets
27:22 Onager
28:24 Conscription
28:36 Crop Rotation
29:08 Two-Man Saw
28:38 Fletching
29:31 Siege Onager
30:19 Murder Holes
30:35 Masonry
30:51 Bodkin Arrow
31:20 Ballistics
31:11 Siege Engineers
32:47 Chemistry
32:42 Pikeman
33:22 Squires
33:42 Scale Mail Armor
33:53 Forging
34:21 Hoardings
33:53 Druzhina
33:21 Capped Ram
33:39 Halberdier
35:22 Chain Mail Armor
37:25 Plate Mail Armor
37:31 Iron Casting
40:05 Fortified Wall
Kawa
10:19 Feudal Age
14:09 Castle Age
12:14 Double-Bit Axe
12:52 Horse Collar
15:00 Wheelbarrow
14:25 Stone Mining
15:08 Bow Saw
18:31 Loom
19:44 Gold Mining
21:33 Hand Cart
24:11 Town Watch
26:56 Heavy Plow
30:38 Imperial Age
28:20 Padded Archer Armor
29:06 Stone Shaft Mining
29:37 Ballistics
29:28 Masonry
29:13 Fletching
30:42 Bodkin Arrow
31:02 Leather Archer Armor
30:59 Murder Holes
31:32 Bracer
32:19 Paper Money
33:30 Two-Man Saw
33:02 Crop Rotation
33:44 Chemistry
34:03 Ring Archer Armor
34:33 Husbandry
34:45 Siege Engineers
34:23 Treadmill Crane
34:55 Fortified Wall
34:57 Thumb Ring
35:06 Bloodlines
35:13 Light Cavalry
35:58 Elite Rattan Archer
37:24 Forging
39:14 Scale Barding Armor
40:33 Guilds
40:59 Chain Barding Armor
40:30 Elite Rattan Archer
Pukaso
5:26 Loom
9:05 Feudal Age
15:04 Fletching
23:20 Castle Age
21:11 Double-Bit Axe
21:38 Stone Mining
21:42 Horse Collar
23:57 Bodkin Arrow
25:00 Forging
26:07 Scale Mail Armor
27:13 Gold Mining
28:34 Iron Casting
31:03 Chain Mail Armor
30:51 Arson
34:15 Wheelbarrow
36:16 Imperial Age
35:52 Gold Shaft Mining
36:18 Wheelbarrow
36:54 Heavy Plow
37:06 Bow Saw
38:02 Plate Mail Armor
37:59 Squires
39:15 Hand Cart
38:49 Gambesons
40:03 Guard Tower
40:15 Bracer
41:34 Arrowslits
elchinaleikazo
10:09 Feudal Age
13:49 Castle Age
13:18 Loom
13:32 Double-Bit Axe
13:28 Horse Collar
14:54 Bow Saw
14:45 Heavy Plow
22:55 Wheelbarrow
23:43 Town Watch
26:36 Imperial Age
24:47 Husbandry
25:45 Scale Barding Armor
25:51 Bloodlines
26:18 Hand Cart
27:00 Chain Barding Armor
28:07 Crop Rotation
27:01 Elite Battle Elephant
27:54 Forging
29:34 Tusk Swords
30:12 Plate Barding Armor
30:44 Gold Mining
33:06 Iron Casting
35:08 Blast Furnace
41:17 Gold Shaft Mining
eee
9:58 Feudal Age
11:55 Double-Bit Axe
14:18 Castle Age
12:18 Double-Bit Axe
12:36 Horse Collar
15:30 Bow Saw
20:51 Wheelbarrow
20:06 Loom
20:08 Town Watch
22:33 Gold Mining
24:21 Stone Mining
26:05 Scale Mail Armor
28:42 Imperial Age
26:50 Forging
27:03 Hand Cart
27:07 Chain Mail Armor
27:21 Pikeman
28:32 Ballistics
28:56 Iron Casting
29:03 Squires
29:41 Siege Engineers
29:55 Ballistas
30:56 Chemistry
29:25 Heavy Scorpion
30:38 Conscription
31:56 Bloodlines
31:56 Husbandry
32:20 Scale Barding Armor
31:51 Light Cavalry
33:23 Chain Barding Armor
32:39 Halberdier
34:50 Blast Furnace
35:56 Gold Shaft Mining
35:31 Town Patrol
38:05 Elite Centurion
39:06 Comitatenses
Connection lost

Rejoining the realm…

Still unreachable

The connection could not be restored.

Session expired

The server has moved on; the page needs a fresh start.